[Event "Titled Tuesday Blitz June 21 Early 2022"]
[White "Tanaka, Taira Tyler"]
[Black "Gormally, Daniel W"]
[WhiteFideId "7002351"]
[BlackFideId "406465"]
[WhiteElo "2561"]
[BlackElo "2543"]
[Result "0-1"]
[Round "08"]
[TimeControl "180+1"]
[Date "2022.06.21"]
[WhiteClock "0:00:54"]
[BlackClock "0:00:47"]

1. e4 c5 2. Nf3 d6 3. d4 cxd4 4. Nxd4 Nf6 5. Nc3 a6 6. Bg5 e6 7. f4 Be7 8. Qd3 Qc7 9. O-O-O Nbd7 10. Be2 b5 11. Bf3 Bb7 12. a3 Rc8 13. Rhe1 h6 14. Bh4 g5 15. fxg5 Ne5 16. Qe2 Nh7 17. Bg3 Nxg5 18. Kb1 Nc4 19. Rd3 Ne5 20. Rdd1 Bf6 21. Ndxb5 axb5 22. Nxb5 Qb6 23. Nxd6+ Ke7 24. Nxc8+ Rxc8 25. Bf2 Qc7 26. c3 Nc4 27. Bd4 e5 28. Be3 Ba6 29. Ka1 Rb8 30. Bc1 Nxb2 31. Qxa6 Nxd1 32. Rxd1 Qxc3+ 33. Ka2 Qb3+ 34. Ka1 Qb1# 0-1


[Site "https://www.chess.com"]

[Event "Titled Tuesday Blitz June 21 Early 2022"]
[White "Tica, Sven"]
[Black "Yurovskykh, Oleksandr"]
[WhiteFideId "14526948"]
[BlackFideId "14134020"]
[WhiteElo "2346"]
[BlackElo "2292"]
[Result "1/2-1/2"]
[Round "08"]
[TimeControl "180+1"]
[Date "2022.06.21"]
[WhiteClock "0:01:40"]
[BlackClock "0:00:49"]

1. d4 Nf6 2. Bg5 Ne4 3. h4 h6 4. Bf4 d5 5. e3 c5 6. c3 Nc6 7. Nd2 Nxd2 8. Qxd2 Bf5 9. Nf3 e6 10. Bd3 Bxd3 11. Qxd3 cxd4 12. exd4 Bd6 13. Qe3 Qc7 14. Bxd6 Qxd6 15. h5 O-O-O 16. O-O-O Kb8 17. Rde1 Rc8 18. Ne5 Nxe5 19. Qxe5 Qxe5 20. Rxe5 Kc7 21. Kd2 Kd6 22. g4 f6 23. Re3 e5 24. Rhe1 Rhe8 25. f3 Re7 26. b3 Rce8 27. Kd3 a6 28. c4 dxc4+ 29. bxc4 b6 30. a4 exd4 31. Rxe7 Rxe7 32. Rxe7 Kxe7 33. Kxd4 Kd6 34. f4 Kc6 35. Ke4 Kc5 36. Kf5 Kxc4 37. Kg6 b5 38. axb5 axb5 39. Kxg7 b4 40. g5 fxg5 41. fxg5 hxg5 42. h6 b3 43. h7 b2 44. h8=Q b1=Q 45. Qc8+ Kb3 46. Qb7+ Ka2 47. Qa6+ Kb2 48. Qb5+ Ka1 49. Qxg5 Qb2+ 50. Qf6 Kb1 51. Qxb2+ Kxb2 1/2-1/2


[Site "https://www.chess.com"]

[Event "Titled Tuesday Blitz June 21 Early 2022"]
[White "Timofeev, Artyom"]
[Black "Navara, David"]
[WhiteFideId "4140419"]
[BlackFideId "309095"]
[WhiteElo "2578"]
[BlackElo "2686"]
[Result "0-1"]
[Round "08"]
[TimeControl "180+1"]
[Date "2022.06.21"]
[WhiteClock "0:00:06"]
[BlackClock "0:00:04"]

1. e4 c5 2. Nc3 d6 3. Nf3 Nf6 4. Bc4 Nc6 5. O-O Bg4 6. h3 Bxf3 7. Qxf3 g6 8. d3 Bg7 9. Be3 O-O 10. Qe2 e6 11. Bb3 Nd4 12. Bxd4 cxd4 13. Nb1 Nd7 14. Nd2 Nc5 15. Bc4 b5 16. Bxb5 Rb8 17. Bc4 Rxb2 18. Nb3 Na4 19. Qf3 Nc3 20. Nc1 Rxc2 21. Bb3 Rb2 22. Re1 Qa5 23. Bc4 Qa3 24. Ne2 d5 25. exd5 exd5 26. Bxd5 Nxd5 27. Qxd5 Qxd3 28. Rad1 Qc2 29. Rc1 Qa4 30. Nf4 Qxa2 31. Qf3 Qb3 32. Qe4 a5 33. Nd3 Rc2 34. Rb1 Qc3 35. Ra1 Rd2 36. Red1 Rxd1+ 37. Rxd1 a4 38. Rc1 Qb3 39. Nc5 Qb5 40. Qe7 a3 41. Nd7 Qb2 42. Rf1 a2 43. Nxf8 a1=Q 44. Nd7 Qa8 45. Nf6+ Bxf6 46. Qxf6 Qe8 47. Qd6 Kg7 48. h4 Qe6 49. Qd8 Qf6 50. Qd5 h5 51. g3 Qf5 52. Qd6 d3 53. Kg2 Qe2 54. Qd8 Qff3+ 55. Kg1 d2 56. Qd4+ Kh7 0-1


[Site "https://www.chess.com"]

[Event "Titled Tuesday Blitz June 21 Early 2022"]
[White "Tisaj, Domen"]
[Black "Yuan, Qingyu"]
[WhiteFideId "14628708"]
[BlackFideId "8609772"]
[WhiteElo "2326"]
[BlackElo "2359"]
[Result "1-0"]
[Round "08"]
[TimeControl "180+1"]
[Date "2022.06.21"]
[WhiteClock "0:00:14"]
[BlackClock "0:00:02"]

1. d4 d5 2. c4 e6 3. Nf3 Nf6 4. g3 dxc4 5. Bg2 c5 6. O-O Nc6 7. dxc5 Qxd1 8. Rxd1 Bxc5 9. Nbd2 c3 10. bxc3 O-O 11. Nb3 Be7 12. Bg5 h6 13. Bf4 Nd5 14. Bd2 Bd7 15. c4 Nb6 16. c5 Na4 17. Rac1 Rfd8 18. Bf4 Be8 19. Bd6 Rac8 20. e4 f6 21. e5 Bh5 22. Re1 Kf7 23. Nfd4 Nxd4 24. Nxd4 Bxd6 25. cxd6 Rxc1 26. Rxc1 fxe5 27. Nb5 a6 28. Nc7 Rxd6 29. Bxb7 a5 30. Bc6 Nb2 31. Be8+ Ke7 32. Bxh5 Rd2 33. Bg6 Kd7 34. Nb5 Na4 35. Rc7+ Kd8 36. Ra7 Rxa2 37. Rxa5 Nc3 38. Rxa2 Nxa2 39. Na3 Ke7 40. Be4 Nc3 41. f3 Kf6 42. Kf2 Na4 43. Nc4 Nc5 44. Ke3 g5 45. Nb2 Nb3 46. Nd3 Na5 47. Nf2 Nc4+ 48. Kd3 Nb2+ 49. Kc2 Nc4 50. Kc3 Nd6 51. Ng4+ Kg7 52. Nxe5 Kf6 53. Nc4 Nf7 54. Kd3 h5 55. Kd4 Ke7 56. Ne5 Nd6 57. Bg6 h4 58. g4 Kf6 59. Bd3 Nc8 60. Nd7+ Ke7 61. Nc5 Kf6 62. Ne4+ Kg6 63. Nd6+ Kf6 64. Nxc8 1-0


[Site "https://www.chess.com"]

[Event "Titled Tuesday Blitz June 21 Early 2022"]
[White "Tologon tegin, Semetei"]
[Black "Skliarov, Viktor"]
[WhiteFideId "13800574"]
[BlackFideId "14106736"]
[WhiteElo "2174"]
[BlackElo "2229"]
[Result "1-0"]
[Round "08"]
[TimeControl "180+1"]
[Date "2022.06.21"]
[WhiteClock "0:01:15"]
[BlackClock "0:00:02"]

1. e4 c5 2. Nc3 Nc6 3. Bb5 Nd4 4. Nf3 g6 5. Nxd4 cxd4 6. Ne2 Bg7 7. O-O Nf6 8. d3 a6 9. Bc4 d5 10. exd5 Nxd5 11. Nf4 Nb6 12. Bb3 e5 13. Ne2 O-O 14. Bd2 a5 15. a4 Kh8 16. f4 Nd5 17. fxe5 Bxe5 18. Bxd5 Qxd5 19. Bf4 Bg7 20. Qd2 b6 21. Bh6 Bb7 22. Bxg7+ Kxg7 23. Nf4 Qd6 24. Rae1 Rae8 25. Qf2 Kg8 26. Rxe8 Rxe8 27. Nh5 Re7 28. Nf6+ Kg7 29. Qh4 h5 30. Qg5 Qe5 31. Nxh5+ Kf8 32. Qh6+ Ke8 33. Nf6+ Kd8 34. Qf8+ Kc7 35. Ng8 Qe3+ 36. Kh1 Bxg2+ 37. Kxg2 Qe2+ 38. Kg1 Qg4+ 39. Kh1 Qe2 40. Qxe7+ Qxe7 41. Nxe7 1-0


[Site "https://www.chess.com"]

[Event "Titled Tuesday Blitz June 21 Early 2022"]
[White "Toncheva, Nadya"]
[Black "Itkis, Boris"]
[WhiteFideId "2924056"]
[BlackFideId "1209167"]
[WhiteElo "1888"]
[BlackElo "2207"]
[Result "1-0"]
[Round "08"]
[TimeControl "180+1"]
[Date "2022.06.21"]
[WhiteClock "0:00:16"]
[BlackClock "0:00:05"]

1. e4 c5 2. Nf3 Nc6 3. d4 cxd4 4. Nxd4 g6 5. c4 Bg7 6. Be3 Nf6 7. f3 d6 8. Nc3 O-O 9. Be2 Bd7 10. Nc2 Rc8 11. Qd2 a6 12. O-O Be6 13. Rac1 Na5 14. b3 Nc6 15. Rfd1 Nd7 16. Bf1 Qa5 17. b4 Nxb4 18. Nd5 Bxd5 19. exd5 Nxc2 20. Qxa5 Nxe3 21. Re1 Nxf1 22. Kxf1 Ne5 23. Re2 Rc5 24. Qe1 Nd3 25. Qd2 Nxc1 26. Qxc1 Bf6 27. Qb1 b5 28. cxb5 axb5 29. Qd3 Rfc8 30. g3 b4 31. Qb3 Rc3 32. Qxb4 Rxf3+ 33. Kg2 Rcc3 34. a4 Rcd3 35. a5 Bd4 36. a6 Ra3 37. Qxd4 Rfb3 38. Rxe7 Rxa6 39. Re8# 1-0


[Site "https://www.chess.com"]

[Event "Titled Tuesday Blitz June 21 Early 2022"]
[White "Ursan, Petru-Sebastian"]
[Black "Pinheiro, Iung Alicio de O."]
[WhiteFideId "1227556"]
[BlackFideId "2104350"]
[WhiteElo "2066"]
[BlackElo "2283"]
[Result "0-1"]
[Round "08"]
[TimeControl "180+1"]
[Date "2022.06.21"]
[WhiteClock "0:00:06"]
[BlackClock "0:00:20"]

1. d4 Nf6 2. Nf3 e6 3. g3 b5 4. a4 b4 5. c4 bxc3 6. bxc3 Bb7 7. Bg2 Be7 8. Ba3 d6 9. O-O O-O 10. Nbd2 Na6 11. Rb1 Bc6 12. Qc2 Qd7 13. a5 Rab8 14. e4 Bb5 15. c4 Ba4 16. Qd3 c5 17. d5 exd5 18. exd5 Nc7 19. Nh4 g6 20. Bb2 Rfe8 21. Nhf3 Nh5 22. Ne4 Rb3 23. Qd2 Reb8 24. Nfg5 Ne8 25. Bh3 Qb7 26. Nxf7 Rxb2 27. Rxb2 Qxb2 28. Qe3 Qd4 29. Be6 Qxe3 30. fxe3 Kg7 31. Nfg5 Nef6 32. Nxf6 Nxf6 33. h4 Bc2 34. Ra1 Rb1+ 35. Rxb1 Bxb1 36. Kf2 Bd3 37. Bc8 Ne4+ 38. Nxe4 Bxe4 39. Ke2 Bd8 40. a6 Kf6 41. Bb7 h5 42. Bc8 Ba5 43. Bd7 Bf5 44. Be8 Bc3 45. Bc6 Be5 46. Kf2 Bd3 47. Bb5 Ke7 48. Kf3 Kd8 49. g4 Kc7 50. gxh5 gxh5 51. Be8 Bxc4 52. Bxh5 Bxd5+ 53. e4 Bc4 54. Be8 Bxa6 55. h5 Bc4 56. h6 a5 57. h7 Bb3 58. Ke3 a4 59. Bxa4 Bxa4 60. Kd2 Bb3 0-1


[Site "https://www.chess.com"]

[Event "Titled Tuesday Blitz June 21 Early 2022"]
[White "Vakhlamov, Igor L."]
[Black "Svane, Frederik"]
[WhiteFideId "24126748"]
[BlackFideId "12923044"]
[WhiteElo "2401"]
[BlackElo "2459"]
[Result "1/2-1/2"]
[Round "08"]
[TimeControl "180+1"]
[Date "2022.06.21"]
[WhiteClock "0:00:04"]
[BlackClock "0:00:14"]

1. e4 c5 2. Nf3 e6 3. Nc3 Nc6 4. Bb5 Nge7 5. O-O a6 6. Bxc6 Nxc6 7. d4 cxd4 8. Nxd4 d6 9. Nxc6 bxc6 10. Qh5 g6 11. Qf3 Bg7 12. Bf4 e5 13. Be3 O-O 14. Rad1 Qc7 15. Rd3 Be6 16. Rfd1 Rad8 17. b3 f5 18. Bg5 fxe4 19. Qxe4 d5 20. Qe1 Rde8 21. Na4 Bg4 22. f3 e4 23. Re3 Bf5 24. fxe4 Bxe4 25. Nc5 Qe5 26. Bh4 Qf5 27. Nxe4 dxe4 28. Qe2 c5 29. c3 Bh6 30. Rh3 e3 31. Rf3 Qe4 32. Rxf8+ Rxf8 33. Bg3 Bf4 34. Bxf4 Rxf4 35. Re1 Rf2 36. Qc4+ Qxc4 37. bxc4 Rxa2 38. Rxe3 Ra4 39. Re4 Kf7 40. Kf2 Kf6 41. Ke2 Ra2+ 42. Kf3 Rc2 43. Re3 a5 44. h4 a4 45. g4 a3 46. Ke4 a2 47. Re1 Rxc3 48. Kd5 Ra3 49. Ra1 Ra5 50. Kc6 Ke5 51. Kb6 Ra8 52. Kxc5 Kf4 53. Kb6 Kxg4 54. c5 Kxh4 55. c6 g5 56. c7 g4 57. Rxa2 Rxa2 58. c8=Q Rb2+ 59. Ka5 h5 60. Qd8+ Kh3 61. Qd3+ Kh2 62. Qf5 g3 63. Qxh5+ Kg1 64. Qd1+ Kh2 65. Qd6 Rf2 66. Kb4 Kh3 67. Qh6+ Kg2 68. Kc3 Kf3 69. Qc6+ Kg4 70. Qe6+ Kh4 71. Qh6+ Kg4 72. Qg6+ Kf4 73. Kd3 Rf3+ 74. Kd4 Rf2 75. Qe4+ Kg5 76. Qe5+ Kg4 77. Qg7+ Kh3 78. Qh6+ Kg2 79. Ke4 Rf1 80. Qc6 Rf2 81. Ke3+ Kh2 82. Qd6 Kg2 83. Qd5+ Kh2 84. Qh5+ Kg2 85. Qh4 Rf3+ 86. Ke2 Rf2+ 87. Ke1 Kf3 88. Qh5+ Kg2 89. Qd5+ Kh2 90. Qe4 Kh3 91. Qh7+ Kg2 92. Qh4 Kf3 93. Qf6+ Kg2 94. Qe5 Kh2 95. Qd6 Kg2 96. Qd5+ Kh2 97. Qh5+ Kg1 98. Qh4 Kg2 99. Qe4+ Kh2 100. Qh4+ Kg2 101. Qc4 Kh3 102. Qe6+ Kh2 103. Qh6+ Kg1 104. Qh7 g2 105. Qa7 Kh1 106. Qh7+ Kg1 107. Qa7 Kh1 108. Qh7+ Kg1 1/2-1/2


[Site "https://www.chess.com"]

[Event "Titled Tuesday Blitz June 21 Early 2022"]
[White "Veiga, Jose Francisco R P Neves"]
[Black "Papp, Levente"]
[WhiteFideId "1930087"]
[BlackFideId "751243"]
[WhiteElo "2326"]
[BlackElo "2308"]
[Result "1-0"]
[Round "08"]
[TimeControl "180+1"]
[Date "2022.06.21"]
[WhiteClock "0:01:35"]
[BlackClock "0:00:18"]

1. e4 e6 2. d4 d5 3. exd5 exd5 4. Nf3 Nc6 5. Bb5 Bd6 6. O-O Ne7 7. c4 dxc4 8. d5 Nxd5 9. Bxc4 Nce7 10. Qe2 O-O 11. Rd1 c6 12. Nc3 Nxc3 13. bxc3 Nd5 14. Bg5 Nxc3 15. Qc2 Qa5 16. Rxd6 Bf5 17. Qd2 b5 18. Bb3 b4 19. Rd4 c5 20. Rf4 Be6 21. Bxe6 fxe6 22. Rxf8+ Rxf8 23. Be3 Rd8 24. Qc2 Qb5 25. h3 a5 26. Ng5 Qc4 27. Qxh7+ Kf8 28. Qh8+ Ke7 29. Qxg7+ Kd6 30. Nf7+ Kd7 31. Ne5+ 1-0


[Site "https://www.chess.com"]

[Event "Titled Tuesday Blitz June 21 Early 2022"]
[White "Vusatiuk, Vladimir"]
[Black "Khabinets, Ivan"]
[WhiteFideId "14118610"]
[BlackFideId "14115980"]
[WhiteElo "2157"]
[BlackElo "2114"]
[Result "0-1"]
[Round "08"]
[TimeControl "180+1"]
[Date "2022.06.21"]
[WhiteClock "0:00:05"]
[BlackClock "0:00:15"]

1. f4 d5 2. g3 Nf6 3. Bg2 c5 4. Nf3 Nc6 5. O-O g6 6. d3 Bg7 7. Nbd2 O-O 8. e4 dxe4 9. dxe4 b6 10. Qe2 Nb4 11. c3 Ba6 12. Nc4 Qd3 13. Qxd3 Nxd3 14. Ncd2 Rad8 15. Rd1 Ng4 16. Nf1 Ngf2 17. Rd2 Nxe4 18. Rc2 f5 19. Be3 e5 20. fxe5 Nxe5 21. Nxe5 Bxe5 22. Re1 Bb7 23. Nd2 Rfe8 24. Nxe4 Bxe4 25. Bxe4 fxe4 26. Bg5 Rd6 27. Rce2 Rde6 28. Kg2 Bd6 29. a4 Kg7 30. a5 b5 31. Rd1 h6 32. Be3 Rc8 33. Rd5 g5 34. Red2 Rc6 35. g4 Rf6 36. b4 cxb4 37. Bd4 Bf4 38. Bxf6+ Kxf6 39. Rc2 a6 40. Rd4 bxc3 41. Rxe4 Bd6 42. Kf3 b4 43. Rf2 Bf4 44. Rxb4 c2 45. Rxc2 Rxc2 46. Rb6+ Kg7 47. h4 Rc3+ 48. Ke4 Rc4+ 49. Kf3 Ra4 50. hxg5 hxg5 51. Rxa6 Kf7 52. Ra7+ Ke6 53. Kg2 Kd6 54. Kf3 Kc6 55. Ra8 Kb5 56. Rb8+ Kxa5 57. Rb3 Rd4 58. Ke2 Ka4 59. Rb1 Re4+ 60. Kf3 Re3+ 61. Kf2 Rg3 62. Rb7 Rxg4 63. Kf3 Rg3+ 64. Ke4 Re3+ 65. Kf5 Rd3 66. Ke4 Re3+ 67. Kf5 Rc3 68. Kg4 Rb3 69. Ra7+ Kb4 70. Rf7 Kc3 71. Rd7 Kc2 72. Kf5 Rc3 73. Ke4 Rc4+ 74. Kf3 Rc5 75. Rd8 Kc3 76. Ke4 Kc4 77. Rd7 Re5+ 78. Kf3 Rd5 79. Rc7+ Kd4 80. Rc8 Rd7 81. Re8 Rh7 82. Re4+ Kd5 83. Re8 Rh4 84. Re1 Bd6 85. Re8 g4+ 86. Kg2 Rh2+ 87. Kg1 Ra2 88. Re1 g3 89. Re8 Be5 90. Rf8 Ke4 91. Rf1 Bf4 92. Kh1 g2+ 93. Kg1 Bh2+ 94. Kxh2 gxf1=Q+ 95. Kg3 Qg2+ 96. Kh4 Ra8 97. Kh5 Rh8# 0-1


[Site "https://www.chess.com"]

[Event "Titled Tuesday Blitz June 21 Early 2022"]
[White "Xiong, Jeffery"]
[Black "Kosteniuk, Alexandra"]
[WhiteFideId "2047640"]
[BlackFideId "4128125"]
[WhiteElo "2714"]
[BlackElo "2469"]
[Result "1/2-1/2"]
[Round "08"]
[TimeControl "180+1"]
[Date "2022.06.21"]
[WhiteClock "0:00:19"]
[BlackClock "0:00:07"]

1. e4 e5 2. Nf3 Nc6 3. Nc3 Nf6 4. d4 exd4 5. Nxd4 Bb4 6. Nxc6 bxc6 7. Bd3 d5 8. exd5 O-O 9. O-O cxd5 10. h3 Rb8 11. Qf3 Re8 12. Rd1 Bb7 13. Nb5 Ne4 14. Bf4 Ba5 15. Nxa7 Qf6 16. Nb5 Bb6 17. Bxe4 dxe4 18. Qg3 e3 19. fxe3 Qxb2 20. Nxc7 Bxc7 21. Bxc7 Rbc8 22. Rab1 Qxc2 23. Rdc1 Qd2 24. Qf2 Qd5 25. Rd1 Qe4 26. Rbc1 h6 27. Rd4 Qe7 28. Rdc4 Qxe3 29. Qxe3 Rxe3 30. a4 Re2 31. R1c2 Rxc2 32. Rxc2 f6 33. a5 Kf7 34. Kf2 Be4 35. Rc3 f5 36. a6 Ke6 37. a7 Kd7 38. Be5 Rxc3 39. Bxc3 g5 40. Bg7 h5 41. g3 g4 42. h4 Kc8 43. Ke3 Kb7 44. Bd4 Bc6 45. Kf4 Be8 46. Kg5 Ka8 47. Kf6 Kb7 48. Ke7 Bc6 49. Kf7 Ka8 50. Be3 Bb5 51. Bb6 Bc6 52. Bf2 Bb5 53. Kg6 Be8+ 54. Kf6 Kb7 55. Ke7 Bc6 56. Kf7 Bb5 57. Kg6 Be8+ 58. Kg7 Ka8 59. Be3 Kb7 60. Kh6 Ka8 61. Bd4 Kb7 62. Kg5 Ka8 63. Kf6 Kb7 64. Be3 Ka8 65. Ke7 Bc6 66. Kf7 Kb7 67. Bd4 Ka8 68. Bf2 Kb7 69. Ke7 Ka8 70. Be3 Kb7 71. Kf8 Ka8 72. Bc5 Kb7 73. Kf7 Ka8 74. Bd4 Kb7 75. Kg6 Be8+ 76. Kxf5 Ka8 77. Ke6 Kb7 78. Ke7 Bb5 79. Kf7 Ka8 80. Bf2 Kb7 1/2-1/2


[Site "https://www.chess.com"]

[Event "Titled Tuesday Blitz June 21 Early 2022"]
[White "Yaksin, Oleg"]
[Black "Dushyant Sharma"]
[WhiteFideId "24105880"]
[BlackFideId "25065130"]
[WhiteElo "2256"]
[BlackElo "2105"]
[Result "1-0"]
[Round "08"]
[TimeControl "180+1"]
[Date "2022.06.21"]
[WhiteClock "0:00:13"]
[BlackClock "0:00:18"]

1. d4 d5 2. c4 e6 3. Nf3 Nf6 4. g3 Be7 5. Bg2 O-O 6. O-O dxc4 7. Qc2 c5 8. dxc5 Nc6 9. Qxc4 e5 10. Bg5 Be6 11. Qc1 e4 12. Nfd2 Nd4 13. Re1 Bg4 14. Nc3 Nd5 15. Bxe7 Nxc3 16. bxc3 Nxe2+ 17. Rxe2 Qxe7 18. Rxe4 Qg5 19. Nf3 Qh5 20. Nd4 Rac8 21. Rb1 Rxc5 22. Rxb7 a5 23. Nb3 Rcc8 24. c4 h6 25. c5 Rfd8 26. Re1 a4 27. Nd2 Rxc5 28. Qb2 Be6 29. Rb8 Rcc8 30. Rxc8 Rxc8 31. Nf3 Qa5 32. a3 Rc3 33. Rd1 Rb3 34. Qc2 Rb8 35. Nd4 Bb3 36. Nxb3 axb3 37. Qb2 Qc5 38. Rb1 g6 39. Bf1 h5 40. h4 Rb6 41. a4 Qc2 42. Qxc2 bxc2 43. Rc1 Rb2 44. Kg2 Ra2 45. Bb5 Kg7 46. Bd3 Rxa4 47. Rxc2 Ra3 48. Be2 f6 49. Rc7+ Kh6 50. Bc4 g5 51. hxg5+ fxg5 52. Rc6+ Kg7 53. Be2 h4 54. gxh4 gxh4 55. Bg4 Ra4 56. f3 Ra1 57. Kh3 Rh1+ 58. Kg2 Ra1 59. Rc5 Kg6 60. Rh5 Ra2+ 61. Kh3 Rb2 62. Rxh4 Kg5 63. Rh5+ Kg6 64. Rf5 Rb1 65. Kg3 Rg1+ 66. Kf4 Ra1 67. Rb5 Ra4+ 68. Kg3 Kf6 69. f4 Ra1 70. Bf3 Rg1+ 71. Kf2 Ra1 72. Be4 Ra2+ 73. Kf3 Ra1 74. Rb6+ Kf7 75. Bd5+ Kg7 76. Ke4 Rb1 77. Rxb1 1-0


[Site "https://www.chess.com"]

[Event "Titled Tuesday Blitz June 21 Early 2022"]
[White "Yedidia, Daniel"]
[Black "Matinian, Nikita"]
[WhiteFideId "30905907"]
[BlackFideId "24129100"]
[WhiteElo "2603"]
[BlackElo "2422"]
[Result "1-0"]
[Round "08"]
[TimeControl "180+1"]
[Date "2022.06.21"]
[WhiteClock "0:00:13"]
[BlackClock "0:00:03"]

1. d4 Nf6 2. c4 g6 3. Nc3 Bg7 4. e4 d6 5. Nf3 O-O 6. Be2 e5 7. Be3 Ng4 8. Bg5 f6 9. Bh4 Nc6 10. dxe5 dxe5 11. Qd5+ Kh8 12. O-O-O Qe7 13. Kb1 a5 14. h3 Nh6 15. Qd2 a4 16. Nd5 Qf7 17. Bxf6 Bxf6 18. Qxh6 Bg7 19. Qe3 a3 20. b3 Nd4 21. Rhf1 h6 22. Qd3 Nxe2 23. Qxe2 Bxh3 24. gxh3 Qxf3 25. Qxf3 Rxf3 26. Nxc7 Raf8 27. Rd2 Rxh3 28. Ne6 Rf7 29. c5 g5 30. b4 g4 31. Rg1 Rh4 32. b5 g3 33. Rxg3 Rxe4 34. c6 bxc6 35. bxc6 Rc4 36. Rc2 Rxc2 37. Kxc2 Rxf2+ 38. Kb3 Rb2+ 39. Kc4 Rc2+ 40. Rc3 Rxc3+ 41. Kxc3 e4+ 42. Kc4 Be5 43. c7 Bxc7 44. Nxc7 Kg7 45. Kd4 Kf6 46. Kxe4 h5 47. Nb5 h4 48. Nxa3 h3 49. Kf3 Ke5 50. Kg3 Kd4 51. Nb1 1-0


[Site "https://www.chess.com"]

[Event "Titled Tuesday Blitz June 21 Early 2022"]
[White "Zhigalko, Sergei"]
[Black "Wagner, Dennis"]
[WhiteFideId "13502956"]
[BlackFideId "24650684"]
[WhiteElo "2662"]
[BlackElo "2355"]
[Result "1-0"]
[Round "08"]
[TimeControl "180+1"]
[Date "2022.06.21"]
[WhiteClock "0:00:49"]
[BlackClock "0:00:01"]

1. e4 Nf6 2. e5 Nd5 3. d4 d6 4. Nf3 g6 5. Bc4 c6 6. O-O dxe5 7. Nxe5 Bg7 8. Re1 O-O 9. Bb3 Nd7 10. Nf3 N7f6 11. c4 Nb6 12. h3 a5 13. Nc3 Bf5 14. Bf4 Re8 15. a3 Qc8 16. Qe2 a4 17. Ba2 h6 18. Rad1 Be6 19. Ne5 g5 20. Bh2 Nfd7 21. Nf3 Ra5 22. h4 Bg4 23. c5 Nd5 24. hxg5 hxg5 25. Bxd5 cxd5 26. Nxd5 e6 27. Ne3 Bxf3 28. Qxf3 Rb5 29. Nc4 Rb3 30. Qh5 Qd8 31. Nd6 Rf8 32. Be5 Rxb2 33. Rd3 f6 34. Rh3 Re8 35. Qf7# 1-0


[Site "https://www.chess.com"]

[Event "Titled Tuesday Blitz June 21 Early 2022"]
[White "parintele_chess"]
[Black "Winkels, Marcel"]
[BlackFideId "1003887"]
[WhiteElo "2237"]
[BlackElo "1900"]
[Result "1-0"]
[Round "08"]
[TimeControl "180+1"]
[Date "2022.06.21"]
[WhiteClock "0:00:55"]
[BlackClock "0:00:07"]

1. d4 Nf6 2. Bf4 g6 3. Nc3 Bg7 4. e4 d6 5. Qd2 c6 6. Bh6 Bxh6 7. Qxh6 b5 8. a3 a5 9. Bd3 Nbd7 10. Nf3 Bb7 11. e5 dxe5 12. dxe5 Ng4 13. Qg7 Rf8 14. h3 Nxf2 15. Kxf2 Qb6+ 16. Ke2 O-O-O 17. Rhe1 Nc5 18. b4 axb4 19. axb4 Ne6 20. Qh6 g5 21. Bf5 Kb8 22. Bxe6 fxe6 23. Qxe6 g4 24. hxg4 Qc7 25. Rad1 Ka7 26. Qa2+ Kb8 27. Qa5 Qc8 28. Qb6 Rxd1 29. Rxd1 Qxg4 30. Rd8+ Rxd8 31. Qxd8+ Ka7 32. Qd4+ Qxd4 33. Nxd4 Kb6 34. Ne4 Bc8 35. e6 Kc7 36. Nc5 Kd6 37. Kd3 Kd5 38. c3 h5 39. g3 Kd6 40. Ke4 Kc7 41. Ke5 Kb6 42. Kf5 Kc7 43. Kg5 Kd6 44. Kxh5 Kd5 45. g4 Kc4 46. g5 Kxc3 47. Ndb3 Bxe6 48. Nxe6 Kxb3 49. g6 Kxb4 50. g7 c5 51. g8=Q c4 52. Qf8 Kb3 53. Qxe7 c3 54. Nd4+ Kb2 55. Nxb5 c2 56. Qb4+ Ka1 57. Qc3+ Kb1 58. Na3+ Kc1 59. Qxc2# 1-0


[Site "https://www.chess.com"]

[Event "Titled Tuesday Blitz June 21 Early 2022"]
[White "Andreikin, Dmitry"]
[Black "Chigaev, Maksim"]
[WhiteFideId "4158814"]
[BlackFideId "4108116"]
[WhiteElo "2736"]
[BlackElo "2457"]
[Result "1-0"]
[Round "09"]
[TimeControl "180+1"]
[Date "2022.06.21"]
[WhiteClock "0:01:15"]
[BlackClock "0:00:15"]

1. d4 d5 2. c4 c6 3. Nf3 Nf6 4. Qc2 g6 5. cxd5 cxd5 6. Bf4 Nc6 7. e3 Bg7 8. Nc3 O-O 9. Be2 Bf5 10. Qb3 Nh5 11. Bg5 h6 12. Bh4 g5 13. Bg3 g4 14. Nh4 Nxg3 15. hxg3 Bc8 16. Qxd5 e5 17. Qxd8 Rxd8 18. d5 Nb4 19. O-O-O e4 20. a3 Bxc3 21. bxc3 Na6 22. Bxa6 bxa6 23. Rd4 Re8 24. Kd2 Rb8 25. Rb4 Rb5 26. c4 Ra5 27. Ra1 Kf8 28. Kc3 Bd7 29. Rb7 Ke7 30. Nf5+ 1-0


[Site "https://www.chess.com"]

[Event "Titled Tuesday Blitz June 21 Early 2022"]
[White "Arabidze, Meri"]
[Black "Papasimakopoulos, Alexandros"]
[WhiteFideId "13604040"]
[BlackFideId "4244125"]
[WhiteElo "2335"]
[BlackElo "2340"]
[Result "0-1"]
[Round "09"]
[TimeControl "180+1"]
[Date "2022.06.21"]
[WhiteClock "0:00:01"]
[BlackClock "0:01:11"]

1. Nf3 f5 2. d3 d6 3. e4 g6 4. exf5 Bxf5 5. d4 Bg7 6. Bd3 Qd7 7. O-O Nf6 8. Re1 Nc6 9. c3 O-O-O 10. b4 e5 11. b5 e4 12. bxc6 Qxc6 13. Be2 exf3 14. Bxf3 d5 15. Bf4 Ne4 16. Qb3 Rdf8 17. Nd2 Qxc3 18. Qxc3 Nxc3 19. Re7 Bxd4 20. Rxc7+ Kd8 21. Rxb7 Ne2+ 22. Bxe2 Bxa1 23. Bb5 Bc8 24. Bc7+ Ke7 25. Rxa7 Kf6 26. h4 Be5 27. Bxe5+ Kxe5 28. Nf3+ Kd6 29. a4 Bg4 30. Ng5 Kc5 31. f3 Bc8 32. Nxh7 Rd8 33. Re7 d4 34. Nf6 d3 35. Ne4+ Kb4 36. Nd2 Kc3 37. Ne4+ Kb2 38. Nd2 Kc2 39. Ne4 d2 40. Nxd2 Kxd2 41. Rc7 Rxh4 42. Rc5 Rhd4 43. Rg5 Bd7 44. Rxg6 Bxb5 45. axb5 Rb4 46. b6 Rb8 47. Rd6+ Ke3 48. Re6+ Kf4 49. Rg6 Kf5 50. Rg7 R4xb6 51. Kf2 Rg6 52. Rf7+ Ke6 53. Rc7 Rb2+ 0-1


[Site "https://www.chess.com"]

[Event "Titled Tuesday Blitz June 21 Early 2022"]
[White "Bachmann, Axel"]
[Black "Svane, Frederik"]
[WhiteFideId "3700488"]
[BlackFideId "12923044"]
[WhiteElo "2587"]
[BlackElo "2459"]
[Result "0-1"]
[Round "09"]
[TimeControl "180+1"]
[Date "2022.06.21"]
[WhiteClock "0:00:21"]
[BlackClock "0:00:32"]

1. e4 c5 2. Nf3 e6 3. g3 Nc6 4. Bg2 Nf6 5. Qe2 e5 6. O-O Ke7 7. Nc3 d6 8. Nd5+ Nxd5 9. exd5 Nb8 10. d4 Bg4 11. dxe5 Kd7 12. exd6 Bxd6 13. Ne5+ Bxe5 14. Qxg4+ Kc7 15. Re1 Nd7 16. d6+ Bxd6 17. Bf4 Nf6 18. Qf3 Rb8 19. Rad1 Ne8 20. Qd5 Kb6 21. Bxd6 Nxd6 22. Qxd6+ Qxd6 23. Rxd6+ Kc7 0-1


[Site "https://www.chess.com"]

[Event "Titled Tuesday Blitz June 21 Early 2022"]
[White "Bilych, Olexiy"]
[Black "Sukandar, Irine Kharisma"]
[WhiteFideId "14156504"]
[BlackFideId "7101937"]
[WhiteElo "2189"]
[BlackElo "2293"]
[Result "1-0"]
[Round "09"]
[TimeControl "180+1"]
[Date "2022.06.21"]
[WhiteClock "0:00:34"]
[BlackClock "0:00:23"]

1. e4 d5 2. exd5 Qxd5 3. Nc3 Qa5 4. d4 Nf6 5. Nf3 Bf5 6. Bd2 c6 7. Ne4 Qc7 8. Nxf6+ gxf6 9. g3 Nd7 10. Bg2 O-O-O 11. O-O h5 12. Re1 e5 13. Bc3 Bg4 14. h3 Be6 15. Qe2 Bg7 16. dxe5 fxe5 17. Nxe5 Nxe5 18. Bxe5 Bxe5 19. Qxe5 Qxe5 20. Rxe5 Rd2 21. Rc1 Kc7 22. h4 b6 23. Bf3 Rh6 24. Bxh5 Kd6 25. Re2 Rd4 26. Bf3 a5 27. Kg2 Bxa2 28. b3 a4 29. Ra1 axb3 30. cxb3 Bxb3 31. Rb2 Bd5 32. Bxd5 Rxd5 33. Rxb6 Rd2 34. Rxc6+ Kxc6 35. Ra6+ Kd5 36. Rxh6 Ke5 37. Ra6 Kf5 38. Ra5+ Kg6 39. Kf3 Rd3+ 40. Kg4 Rd4+ 41. f4 Rb4 42. h5+ Kh6 43. Ra6+ Kh7 44. Kg5 Kg7 45. h6+ Kh7 46. g4 Rb7 47. f5 Rd7 48. Rf6 Kg8 49. Kh5 Rd1 50. h7+ Kg7 51. Rxf7+ Kh8 52. Rf6 Rh1+ 53. Kg5 Kxh7 54. Ra6 Rb1 55. Ra7+ Kg8 56. Kg6 Rb8 57. f6 Rc8 58. Rg7+ Kh8 59. Rh7+ Kg8 60. f7+ Kf8 61. Rh8+ Ke7 62. Rxc8 1-0


[Site "https://www.chess.com"]